 Dungeon Crawl Stone Soup version 0.21.1 (webtiles) character file.

1192 tidbits the Insei (level 8, -3/60 HPs)
             Began as a Gnoll Transmuter on Feb 2, 2018.
             Slain by a yak (10 damage)
             ... on level 8 of the Dungeon.
             The game lasted 00:11:56 (1083 turns).

tidbits the Insei (Gnoll Transmuter)                Turns: 1083, Time: 00:11:56

Health: -3/60      AC:  2    Str: 12    XL:     8   Next: 43%
Magic:  3/17       EV: 32    Int: 17    God:
Gold:   199        SH:  0    Dex: 27    Spells: 4/19 levels left

rFire    . . .     SeeInvis .     - Unarmed
rCold    . . .     Gourm    .   (shield currently unavailable)
rNeg     . . .     Faith    .   (armour currently unavailable)
rPois    x         Spirit   .   (helmet currently unavailable)
rElec    .         Reflect  .   (cloak currently unavailable)
rCorr    .         Harm     .   (gloves currently unavailable)
MR       .....                  (boots currently unavailable)
Stlth    ++++......             o - amulet of magic regeneration
HPRegen  0.20/turn              n - ring of flight
MPRegen  0.15/turn              (no ring)

@: agile, spider-form, flying, very slightly contaminated
A: tiny, distributed training, strong nose
a: End Transformation


You were on level 8 of the Dungeon.
You were not hungry.
You were a venomous arachnid creature.
You visited 1 branch of the dungeon, and saw 8 of its levels.

You collected 199 gold pieces.

Inventory:

Hand Weapons
 a - a +4 short sword (melded)
 h - a +2 dire flail of venom
   (You took it off Edmund on level 4 of the Dungeon)
 j - a +0 dagger
Missiles
 l - 38 sling bullets
 m - 97 arrows
 q - 5 tomahawks (quivered)
Armour
 b - a +0 robe (melded)
 k - a cursed +0 ring mail
 E - a +2 hat (melded)
Jewellery
 n - a ring of flight (left front leg)
   (You found it on level 2 of the Dungeon)
 o - an amulet of magic regeneration (around neck)
   (You found it on level 8 of the Dungeon)
Wands
 f - a wand of flame (18)
 s - a wand of random effects (25)
Scrolls
 e - 2 scrolls of enchant weapon
 r - a scroll of remove curse
Potions
 g - a potion of agility
 i - 3 potions of curing
Books
 c - a book of Changes

   Spells                             Type                      Level
   a - Beastly Appendage              Transmutation                1
   b - Sticks to Snakes               Transmutation                2
   c - Spider Form                    Transmutation/Poison         3
   d - Ice Form                       Ice/Transmutation            4
   e - Blade Hands                    Transmutation                5
Comestibles
 d - 3 rations


   Skills:
 + Level 4.1 Fighting
 + Level 3.2 Short Blades
 + Level 3.2 Long Blades
 + Level 3.2 Axes
 + Level 3.2 Maces & Flails
 + Level 3.2 Polearms
 + Level 3.2 Staves
 + Level 3.2 Slings
 + Level 3.2 Bows
 + Level 3.2 Crossbows
 + Level 3.2 Throwing
 + Level 3.2 Armour
 + Level 5.6 Dodging
 + Level 3.2 Stealth
 + Level 3.2 Shields
 + Level 7.3 Unarmed Combat
 + Level 6.0 Spellcasting
 + Level 2.6 Conjurations
 + Level 2.6 Hexes
 + Level 2.6 Charms
 + Level 2.6 Summonings
 + Level 2.6 Necromancy
 + Level 2.6 Translocations
 + Level 4.6 Transmutations
 + Level 2.6 Fire Magic
 + Level 2.6 Ice Magic
 + Level 2.6 Air Magic
 + Level 2.6 Earth Magic
 + Level 2.6 Poison Magic
 + Level 3.5 Invocations
 + Level 3.2 Evocations


You had 4 spell levels left.
You knew the following spells:

 Your Spells              Type           Power        Failure   Level  Hunger
e - Beastly Appendage     Tmut           ###...       8%          1    None
h - Blade Hands           Tmut           ###.......   67%         5    #####..
i - Ice Form              Ice/Tmut       ###.....     50%         4    ####...
k - Sticks to Snakes      Tmut           ###.....     10%         2    None
p - Spider Form           Tmut/Pois      ###.......   22%         3    ##.....


Dungeon Overview and Level Annotations

Branches:
Dungeon (8/15)
 Temple: D:4-7         Lair: D:8-11

Altars:
Kikubaaqudgha
Okawaru
Xom


Innate Abilities, Weirdness & Mutations

Your experience applies equally to all skills.
((You have very sharp teeth.))
Your uncanny sense of smell can sniff out nearby items.


Message History

Your transformation is almost over.
The hound barely misses you.
You bite the hound!
You kill the hound!
You closely miss the killer bee. The killer bee barely misses you.
The killer bee completely misses you.
You bite the killer bee!
The killer bee is heavily wounded.
The killer bee completely misses you. The killer bee barely misses you.
You bite the killer bee!
You kill the killer bee!
Your Spellcasting skill increases to level 6!
You hit the jelly but do no damage.
Your front legs burn!
* * * LOW HITPOINT WARNING * * *
The jelly misses you.
You bite the jelly! The acid corrodes you!
Your front legs burn!
* * * LOW HITPOINT WARNING * * *
The jelly is almost dead.
The jelly completely misses you.
You bite the jelly!
You kill the jelly!
Things that are here:
a hound corpse; a killer bee corpse You see here a killer bee corpse.
Your transformation has ended.
Your +4 short sword unmelds from your body.
Your +2 hat unmelds from your body.
Your +0 robe unmelds from your body.
You see here a wand of random effects (25).
s - a wand of random effects (25) 4 yaks come into view.
You are no longer corroded.
Found a pair of gloves.
It was a potion of flight.
You feel very buoyant.
You fly up into the air.
Unknown command.
Casting: Spider Form
Confirm with . or Enter, or press ? or * to list all spells.
You turn into a venomous arachnid creature.
Your +4 short sword melds into your body.
Your +2 hat melds into your body.
Your +0 robe melds into your body.
The yak bellows!
Casting: Spider Form
Confirm with . or Enter, or press ? or * to list all spells.
You miscast Sticks to Snakes.
You are very lightly contaminated with residual magic.
You smell something strange.
The yak bellows! x3; You hear a shout! x3
Casting: Sticks to Snakes
Confirm with . or Enter, or press ? or * to list all spells.
You create a snake!
You now have 97 arrows.
You hear a shout!
You bite the yak!
The yak is lightly wounded.
Your ball python barely misses the yak.
Your ball python bites the yak but does no damage.
Casting: Sticks to Snakes
Confirm with . or Enter, or press ? or * to list all spells.
You don't have enough magic to cast that spell.
The yak gores your ball python.
You barely miss the yak.
The yak is lightly wounded.
The yak completely misses you.
Your ball python bites the yak but does no damage.
The yak barely misses your ball python.
You hit the yak.
The yak is moderately wounded.
The yak gores your ball python.
Your ball python dies!
The yak completely misses you.
You bite the yak!
The yak is poisoned.
The yak is heavily wounded.
You hit the yak.
The yak is poisoned.
The yak is lightly wounded.
You hit the yak.
The yak looks as sick as possible!
The yak is lightly wounded.
The yak gores you!
* * * LOW HITPOINT WARNING * * *
You hit the yak but do no damage.
The yak looks as sick as possible!
The yak is lightly wounded.
The yak completely misses you.
You hit the yak.
The yak looks as sick as possible!
The yak is moderately wounded.
You hear the faint creaking of a portcullis nearby.
The yak misses you.
You hit the yak.
The yak looks as sick as possible!
The yak is moderately wounded.
You bite the yak!
The yak is severely wounded.
You hear a shout!
The yak closely misses you.
You hear a shout!
A goblin comes into view. It is wielding a hand axe.
You hit the yak.
The yak is severely wounded.
The yak barely misses you.
You hit the yak but do no damage.
The yak is almost dead.
The goblin moves out of view.
The yak gores you!
You die...

#.... ..≈≈ ..≈#
..≈# ..≈# [.≈#
##########Y.≈####
#.......sYYY≈≈≈≈≈
#..###..###......
#..#.....# ##.##
#..#.....###
#............
#........####
####.##.## ######
#....## ....>#
.####.#..†##.....#


You could see 4 yaks.

Vanquished Creatures
  Eustachio (D:6)
  A water moccasin (D:5)
  An ogre (D:6)
  A crocodile (D:8)
  A bullfrog (D:6)
  3 killer bees (D:8)
  A howler monkey (D:5)
  2 crimson imps
  A centaur zombie (D:7)
  2 hounds
  2 orc priests (D:5)
  A jelly (D:8)
  2 worker ants
  2 adders
  A shadow imp (D:8)
  An ooze (D:4)
  A worm (D:2)
  A dart slug (D:1)
  9 orcs
  3 giant cockroaches
  4 goblins
  3 hobgoblins
  A quokka (D:5)
  A bat (D:2)
  2 frilled lizards (D:1)
  A kobold (D:2)
  5 rats
54 creatures vanquished.

Vanquished Creatures (collateral kills)
  Edmund (D:4)
  A howler monkey (D:4)
  A centaur skeleton (D:4)
  A hound (D:5)
  A worker ant (D:4)
  Natasha (D:4)
  An adder (D:5)
  An adder zombie (D:5)
  An orc (D:5)
  A frilled lizard (D:5)
  A jackal skeleton (D:4)
11 creatures vanquished.

Grand Total: 65 creatures vanquished

Notes
Turn   | Place    | Note
-------+----------+-------------------------------------------
     0 | D:1      | tidbits the Gnoll Transmuter began the quest for the Orb.
     0 | D:1      | Reached XP level 1. HP: 17/17 MP: 6/6
   123 | D:1      | Reached XP level 2. HP: 23/23 MP: 5/7
   130 | D:1      | Learned a level 2 spell: Sticks to Snakes
   285 | D:2      | Found a shimmering altar of Xom.
   293 | D:2      | Reached XP level 3. HP: 15/28 MP: 2/9
   295 | D:2      | Reached skill level 5 in Spellcasting
   304 | D:2      | Learned a level 3 spell: Spider Form
   437 | D:3      | Reached skill level 1 in Short Blades
   437 | D:3      | Reached skill level 1 in Long Blades
   437 | D:3      | Reached skill level 1 in Axes
   437 | D:3      | Reached skill level 1 in Maces & Flails
   437 | D:3      | Reached skill level 1 in Polearms
   437 | D:3      | Reached skill level 1 in Staves
   437 | D:3      | Reached skill level 1 in Slings
   437 | D:3      | Reached skill level 1 in Bows
   437 | D:3      | Reached skill level 1 in Crossbows
   437 | D:3      | Reached skill level 1 in Throwing
   437 | D:3      | Reached skill level 1 in Armour
   437 | D:3      | Reached skill level 1 in Stealth
   437 | D:3      | Reached skill level 1 in Shields
   437 | D:3      | Reached skill level 1 in Invocations
   437 | D:3      | Reached skill level 1 in Evocations
   442 | D:4      | Reached XP level 4. HP: 22/34 MP: 3/11
   448 | D:4      | Noticed Edmund
   448 | D:4      | Reached skill level 1 in Conjurations
   448 | D:4      | Reached skill level 1 in Hexes
   448 | D:4      | Reached skill level 1 in Charms
   448 | D:4      | Reached skill level 1 in Summonings
   448 | D:4      | Reached skill level 1 in Necromancy
   448 | D:4      | Reached skill level 1 in Translocations
   448 | D:4      | Reached skill level 1 in Fire Magic
   448 | D:4      | Reached skill level 1 in Ice Magic
   448 | D:4      | Reached skill level 1 in Air Magic
   448 | D:4      | Reached skill level 1 in Earth Magic
   448 | D:4      | Reached skill level 1 in Poison Magic
   452 | D:4      | Reached XP level 5. HP: 40/40 MP: 2/12
   466 | D:4      | Killed Edmund
   466 | D:4      | Reached skill level 3 in Fighting
   466 | D:4      | Reached skill level 4 in Transmutations
   473 | D:4      | Reached XP level 6. HP: 19/47 MP: 3/13
   484 | D:4      | Noticed Natasha
   522 | D:4      | Killed Natasha
   522 | D:4      | Reached skill level 2 in Invocations
   534 | D:4      | Found an iron altar of Okawaru.
   534 | D:4      | Found an ancient bone altar of Kikubaaqudgha.
   574 | D:5      | Entered Level 5 of the Dungeon
   626 | D:5      | Reached skill level 5 in Dodging
   644 | D:5      | Reached skill level 2 in Short Blades
   644 | D:5      | Reached skill level 2 in Long Blades
   644 | D:5      | Reached skill level 2 in Axes
   644 | D:5      | Reached skill level 2 in Maces & Flails
   644 | D:5      | Reached skill level 2 in Polearms
   644 | D:5      | Reached skill level 2 in Staves
   644 | D:5      | Reached skill level 2 in Slings
   644 | D:5      | Reached skill level 2 in Bows
   644 | D:5      | Reached skill level 2 in Crossbows
   644 | D:5      | Reached skill level 2 in Throwing
   644 | D:5      | Reached skill level 2 in Armour
   644 | D:5      | Reached skill level 2 in Stealth
   644 | D:5      | Reached skill level 2 in Shields
   644 | D:5      | Reached skill level 2 in Evocations
   712 | D:5      | Noticed a water moccasin
   721 | D:5      | Killed a water moccasin
   721 | D:5      | Reached XP level 7. HP: 34/52 MP: 5/15
   748 | D:6      | Reached skill level 7 in Unarmed Combat
   756 | D:6      | Reached skill level 2 in Conjurations
   756 | D:6      | Reached skill level 2 in Hexes
   756 | D:6      | Reached skill level 2 in Charms
   756 | D:6      | Reached skill level 2 in Summonings
   756 | D:6      | Reached skill level 2 in Necromancy
   756 | D:6      | Reached skill level 2 in Translocations
   756 | D:6      | Reached skill level 2 in Fire Magic
   756 | D:6      | Reached skill level 2 in Ice Magic
   756 | D:6      | Reached skill level 2 in Air Magic
   756 | D:6      | Reached skill level 2 in Earth Magic
   756 | D:6      | Reached skill level 2 in Poison Magic
   805 | D:6      | Noticed Eustachio
   825 | D:6      | Killed Eustachio
   825 | D:6      | Reached skill level 3 in Invocations
   959 | D:7      | Reached XP level 8. HP: 52/60 MP: 12/16
   965 | D:7      | Learned a level 4 spell: Ice Form
   971 | D:7      | Learned a level 5 spell: Blade Hands
  1019 | D:8      | Reached skill level 4 in Fighting
  1019 | D:8      | Reached skill level 3 in Short Blades
  1019 | D:8      | Reached skill level 3 in Long Blades
  1019 | D:8      | Reached skill level 3 in Axes
  1019 | D:8      | Reached skill level 3 in Maces & Flails
  1019 | D:8      | Reached skill level 3 in Polearms
  1019 | D:8      | Reached skill level 3 in Staves
  1019 | D:8      | Reached skill level 3 in Slings
  1019 | D:8      | Reached skill level 3 in Bows
  1019 | D:8      | Reached skill level 3 in Crossbows
  1019 | D:8      | Reached skill level 3 in Throwing
  1019 | D:8      | Reached skill level 3 in Armour
  1019 | D:8      | Reached skill level 3 in Stealth
  1019 | D:8      | Reached skill level 3 in Shields
  1019 | D:8      | Reached skill level 3 in Evocations
  1045 | D:8      | Reached skill level 6 in Spellcasting
  1063 | D:8      | Noticed a yak
  1063 | D:8      | Noticed a yak
  1063 | D:8      | Noticed a yak
  1063 | D:8      | Noticed a yak
  1077 | D:8      | HP: 6/60 [yak (14)]
  1083 | D:8      | Slain by a yak

Skill      XL: |  1  2  3  4  5  6  7  8 |
---------------+-------------------------+-----
Spellcasting   | 5 6 |  6.0
Short Blades   | 1 2 3 |  3.2
Long Blades    | 1 2 3 |  3.2
Axes           | 1 2 3 |  3.2
Maces & Flails | 1 2 3 |  3.2
Polearms       | 1 2 3 |  3.2
Staves         | 1 2 3 |  3.2
Slings         | 1 2 3 |  3.2
Bows           | 1 2 3 |  3.2
Crossbows      | 1 2 3 |  3.2
Throwing       | 1 2 3 |  3.2
Armour         | 1 2 3 |  3.2
Stealth        | 1 2 3 |  3.2
Shields        | 1 2 3 |  3.2
Invocations    | 1 2 3 |  3.5
Evocations     | 1 2 3 |  3.2
Conjurations   | 1 2 |  2.6
Hexes          | 1 2 |  2.6
Charms         | 1 2 |  2.6
Summonings     | 1 2 |  2.6
Necromancy     | 1 2 |  2.6
Translocations | 1 2 |  2.6
Fire Magic     | 1 2 |  2.6
Ice Magic      | 1 2 |  2.6
Air Magic      | 1 2 |  2.6
Earth Magic    | 1 2 |  2.6
Poison Magic   | 1 2 |  2.6
Fighting       | 3 4 |  4.1
Transmutations | 4 |  4.6
Dodging        | 5 |  5.6
Unarmed Combat | 7 |  7.3

Action                   |  1- 3 |  4- 6 |  7- 9 || total
-------------------------+-------+-------+-------++-------
Melee: Unarmed           |    46 |    37 |    77 ||   160
       Kick              |     3 |     1 |       ||     4
       Headbutt          |     3 |       |       ||     3
       Bite              |     1 |     2 |     2 ||     5
       Dagger            |     1 |       |       ||     1
       Short sword       |     6 |    20 |    11 ||    37
 Cast: Beastly Appendage |    11 |     1 |       ||    12
       Sticks to Snakes  |     5 |     8 |     6 ||    19
       Spider Form       |     3 |     4 |     8 ||    15
  Use: Potion            |       |     4 |     2 ||     6
       Scroll            |       |     2 |     2 ||     4
 Stab: Sleeping          |     1 |       |     3 ||     4
  Eat: Chunk             |       |       |     2 ||     2
Armor: Robe              |     3 |       |     1 ||     4
       Skin              |     3 |     3 |     1 ||     7
Dodge: Dodged            |    34 |    55 |    88 ||   177

Table legend:
 A = Turns spent in this place as a percentage of turns spent in the entire game.
 B = Non-inter-level travel turns spent in this place as a percentage of non-inter-level travel turns spent in the entire game.
 C = Inter-level travel turns spent in this place as a percentage of turns spent in this place.
 D = Turns resting spent in this place as a percentage of non-inter-level travel turns spent in this place.
 E = Turns spent auto-exploring this place as a percentage of non-inter-level travel turns spent in this place.
 F = Non-inter-level travel turns spent in this place divided by the number of levels of this place that you've seen.
                   A       B       C       D       E      F
               +-------+-------+-------+-------+-------+----------------------
         Total | 100.0 | 100.0 |   0.0 |   0.0 |   0.0 | 135.4
       Dungeon | 100.0 | 100.0 |   0.0 |   0.0 |   0.0 | 135.4
               +-------+-------+-------+-------+-------+----------------------

Table legend:
 A = Kills in this place as a percentage of kills in entire the game.
 B = Kills by you in this place as a percentage of kills by you in the entire game.
 C = Kills by friends in this place as a percentage of kills by friends in the entire game.
 D = Other kills in this place as a percentage of other kills in the entire game.
 E = Experience gained in this place as a percentage of experience gained in the entire game.
 F = Experience gained in this place divided by the number of levels of this place that you have seen.
                   A       B       C       D       E      F
               +-------+-------+-------+-------+-------+----------------------
         Total | 100.0 | 100.0 | 100.0 |   N/A | 100.0 | 213.0
       Dungeon | 100.0 | 100.0 | 100.0 |   N/A | 100.0 | 213.0
               +-------+-------+-------+-------+-------+----------------------

Vault maps used:
D:1:      nicolae_arrival_washed_ashore
D:2:      first_ration, xom_teletrap_fun, uniq_robin, uniq_sigmund
D:3:      minmay_diamond_boxcup, grunt_ministairs_5
D:4:      gammafunk_temple_overflow_elements, uniq_edmund, uniq_natasha
D:5:      serial_bayou, serial_bayou_shore_a, serial_bayou_lagoon_a,
          serial_bayou_pond_c, serial_bayou_pond_a
D:6:      grunt_decor_one_mirror, uniq_pikel, uniq_eustachio
D:7:      minmay_temple_entry_trees, lightli_church_of_beogh
D:8:      serial_glass, glass_columns_a, glass_columns_a, enter_bailey_3
